 Dungeon Crawl Stone Soup version 0.19.0-17-g07987d3 (webtiles) character file.

50 Lochraine the Vexing (level 3, 0/24 HPs)
             Began as a Vampire Enchanter on Nov 10, 2016.
             Was an Initiate of Kikubaaqudgha.
             Slain by Terence
             ... wielding a +3 trident of flaming
              (4 damage)
             ... on level 2 of the Dungeon.
             The game lasted 00:04:49 (1218 turns).

Lochraine the Vexing (Vampire Enchanter)            Turns: 1218, Time: 00:04:50

Health: 0/24       AC:  4    Str:  7    XL:     3   Next: 55%
Magic:  0/6        EV: 19    Int: 17    God:    Kikubaaqudgha [......]
Gold:   69         SH:  0    Dex: 20    Spells: 2 memorised, 2 levels left

rFire  . . .     SeeInvis +     b - -1 mace (curse)
rCold  . . .     Gourm    .     l - +2 robe
rNeg   . . .     Faith    .     (no shield)
rPois  .         Spirit   .     (no helmet)
rElec  .         Reflect  .     (no cloak)
rCorr  .         Harm     .     (no gloves)
MR     .....                    (no boots)
Stlth  ++++......               (no amulet)
                                (no ring)
                                (no ring)

@: agile, regenerating quickly
A: fangs 3, see invisible, unbreathing
a: Renounce Religion


You were on level 2 of the Dungeon.
You worshipped Kikubaaqudgha.
Kikubaaqudgha was noncommittal.
You were full.

You visited 1 branch of the dungeon, and saw 2 of its levels.

You collected 69 gold pieces.

Inventory:

Hand Weapons
 a - a +1 dagger
 b - a cursed -1 mace (weapon)
 f - a +1 short sword of speed
 h - a cursed -1 dagger
Missiles
 k - 11 poisoned needles
Armour
 l - a +2 robe (worn)
Potions
 d - 7 potions of blood
 g - a potion of brilliance {unknown}
Books
 c - a book of Maledictions

   Spells                             Type                      Level
   a - Corona                         Hexes                        1
   b - Ensorcelled Hibernation        Hexes/Ice                    2
   c - Confuse                        Hexes                        3
   d - Tukima's Dance                 Hexes                        3
   e - Dazzling Spray                 Conjuration/Hexes            3


   Skills:
 + Level 2.0 Short Blades
 + Level 2.8 Dodging
 + Level 4.7 Stealth
 + Level 2.3 Spellcasting
 + Level 5.1 Hexes


You had 2 spell levels left.
You knew the following spells:

 Your Spells              Type           Power        Failure   Level  Hunger
a - Corona                Hex            ###....      2%          1    #......
b - Confuse               Hex            ###.....     10%         3    ###....


Dungeon Overview and Level Annotations

Branches:
Dungeon (2/15)

Altars:
Ashenzari
Kikubaaqudgha
Sif Muna
Trog

Annotations:
D:2 Terence


Innate Abilities, Weirdness & Mutations

Your natural rate of healing is unusually fast.
You have razor-sharp teeth.
You have supernaturally acute eyesight. (SInv)
You can survive without breathing.


Message History

Terence burns you.
You hit Terence but do no damage.
Terence is heavily wounded.
Terence barely misses you.
Casting: Confuse
Confirm with . or Enter, or press ? or * to list all spells.
Aiming: Confuse
Press: ? - help, Shift-Dir - straight line, f/p - Terence
Aim: Terence, wielding a trident of flaming and wearing a ring mail (heavily wounded, chance to defeat MR: 58%) Terence resists with significant effort.
Terence hits you with a trident of flaming.
* * * LOW HITPOINT WARNING * * *
Terence burns you.
* * * LOW HITPOINT WARNING * * *
You are too injured to fight recklessly!
It was a potion of agility.
You feel agile all of a sudden.
Terence hits you with a trident of flaming.
You die...
Kikubaaqudgha rasps: "You have failed me!
Welcome... oblivion!"

## ##......# .
........########## #
.##.....<..##.......#
#......#.)....##.......#
....# #.>...)##.......#
##..# #.......#.......#
##..##########.#.......#
.[......<......#.......#
....########....@@.....#
#.... #.....?....[#
...##. #..##.......#
b#.##..#####..##.......#
.#.# #........#..#######
...####..##..##.##
............## .
#..#......### #.
#......##.


You could see Terence.

Vanquished Creatures
  A dart slug (D:2)
  A leopard gecko (D:2)
  4 giant cockroaches
  5 goblins
  6 hobgoblins
  3 jackals (D:2)
  4 kobolds
  2 quokkas
  2 ball pythons
  7 bats
  A frilled lizard (D:1)
  5 rats
41 creatures vanquished.

Notes
Turn   | Place    | Note
-------+----------+-------------------------------------------
     0 | D:1      | Lochraine the Vampire Enchanter began the quest for the Orb.
     0 | D:1      | Reached XP level 1. HP: 13/13 MP: 3/3
     0 | D:1      | Noticed an iron dragon
     0 | D:1      | Noticed an orb of fire
     0 | D:1      | Noticed an orb of fire
     1 | D:1      | Noticed a tentacled monstrosity
     5 | D:1      | Noticed an ice dragon
     8 | D:1      | Noticed a large abomination
    10 | D:1      | Noticed a tentacled monstrosity
    12 | D:1      | Noticed a red draconian
    14 | D:1      | Noticed an ice dragon
    14 | D:1      | Noticed an orb of fire
    16 | D:1      | Noticed an ice dragon
    16 | D:1      | Noticed an ice dragon
    18 | D:1      | Noticed an orb of fire
    18 | D:1      | Noticed a black draconian
    20 | D:1      | Noticed a tentacled monstrosity
   229 | D:1      | Reached XP level 2. HP: 19/19 MP: 5/5
   843 | D:2      | Reached XP level 3. HP: 12/24 MP: 6/6
   935 | D:2      | Found a deep blue altar of Sif Muna.
   935 | D:2      | Found a bloodstained altar of Trog.
   936 | D:2      | Found an ancient bone altar of Kikubaaqudgha.
   946 | D:2      | Found a shattered altar of Ashenzari.
   954 | D:2      | Became a worshipper of Kikubaaqudgha
  1039 | D:2      | Learned a level 3 spell: Confuse
  1050 | D:2      | Reached skill level 5 in Hexes
  1192 | D:2      | Noticed Terence
  1218 | D:2      | Slain by Terence

Skill      XL: |  1  2  3 |
---------------+----------+-----
Hexes          | 5 |  5.1
Short Blades   | 2 |  2.0
Dodging        | |  2.8
Stealth        | |  4.7
Spellcasting   | |  2.3

Action                   || total
-------------------------++-------
Melee: Dagger            ||    45
       Bite              ||     8
       Mace              ||    98
 Cast: Confuse           ||     2
       Corona            ||     1
  Use: Potion            ||     9
       Scroll            ||     4
 Stab: Sleeping          ||    15
Armor: Robe              ||    48
Dodge: Dodged            ||   129
